Blues vs Avalanche

Created - 29 décembre 2020 at 21:27

Goals
1 2 3 OT1 T
Blues 1 1 0 1 3
Avalanche 2 0 0 0 2
Shots
1 2 3 OT1 T
Blues 10 15 9 1 35
Avalanche 5 10 25 0 40

1st period

1. Avalanche , Dominik Kubalik 9 (Adam Fox 14) at 1:17
2. Avalanche , Dylan Strome 10 (Ryan Dzingel 9, Adam Fox 15) at 17:43
3. Blues , Ryan Pulock 6 (P.K. Subban 11, Jack Eichel 26) at 18:44

Penalties :
Michael Anderson (COL) for Holding (Minor) at 13:25

2nd period

4. Blues , Mikko Rantanen 10 (Jack Eichel 27) at 17:42

Penalties :
Andreas Athanasiou (COL) for Hooking (Minor) at 5:16, Jake McCabe (COL) for Slashing (Minor) at 13:24

3rd period

No Goal

Penalties :
Sean Couturier (STL) for Tripping (Minor) at 14:11, Ryan Strome (COL) for Slashing (Minor) at 17:26

Overtime #1

5. Blues , Sean Couturier 11 (Jack Eichel 28, Seth Jones 23) at 0:20

Penalties :
No Penalty

Goalie Stats

Carter Hart (STL), 38 saves from 40 shots - (0,950), W, 18-9-5, 60:21 minutes
Frederik Andersen (COL), 32 saves from 35 shots - (0,914), OTL, 9-8-4, 60:21 minutes

Players Stats for Blues

Player Name              G  A  P  +/- PIM S  H  SB GA TA FO     MP     PP MP  PK MP  
------------------------------------------------------------------------------------
Anthony Mantha           0  0  0   2  0   2  3  0  0  0  2/3    23:23   4:27   0:59 
Christian Dvorak         0  0  0   0  0   1  1  0  0  0  3/8     6:28   0:06   0:34 
Colin Miller             0  0  0  -1  0   0  3  0  0  0  0/0    12:52   0:00   0:00 
Dougie Hamilton          0  0  0   0  0   4  5  2  0  0  0/0    24:56   4:20   0:58 
Drake Batherson          0  0  0   0  0   0  1  0  0  0  0/0     5:48   0:00   0:00 
Jack Eichel              0  3  3   3  0   4  3  0  0  0  17/30  24:15   4:33   1:24 
Johnny Gaudreau          0  0  0  -2  0   6  0  2  0  0  0/2    18:06   3:23   0:00 
Jordan Staal             0  0  0   0  0   0  1  1  0  0  5/14   11:37   0:00   0:00 
Josh Bailey              0  0  0  -2  0   3  1  0  0  0  0/1    18:06   3:23   0:00 
MacKenzie Weegar         0  0  0  -1  0   0  1  0  0  0  0/0    12:52   0:00   0:00 
Martin Necas             0  0  0   0  0   0  1  1  0  0  0/1    12:38   0:00   1:01 
Michael Chaput           0  0  0   0  0   1  0  0  0  0  1/1     5:48   0:00   0:00 
Mikko Rantanen           1  0  1   2  0   4  2  0  0  0  0/1    22:24   4:27   0:00 
Miles Wood               0  0  0   0  0   0  0  1  0  0  0/1    11:43   0:06   0:00 
P.K. Subban              0  1  1   1  0   2  1  5  0  0  0/0    22:12   3:36   1:01 
Ryan Pulock              1  0  1   1  0   5  0  2  0  0  0/0    22:12   3:36   1:01 
Sean Couturier           1  0  1  -1  2   1  5  0  0  0  16/25  18:26   3:23   0:00 
Seth Jones               0  1  1   1  0   2  2  2  0  0  0/0    25:17   4:20   0:58 

Players Stats for Avalanche

Player Name              G  A  P  +/- PIM S  H  SB GA TA FO     MP     PP MP  PK MP  
------------------------------------------------------------------------------------
Adam Fox                 0  2  2   1  0   2  0  0  0  0  0/0    23:36   0:57   4:05 
Andreas Athanasiou       0  0  0  -1  2   4  0  0  0  0  0/1    16:28   1:02   0:00 
Andrew Copp              0  0  0   1  0   2  0  0  0  0  0/0    10:30   0:00   0:00 
Andrew Mangiapane        0  0  0   0  0   3  0  1  0  0  0/1    16:13   0:00   0:00 
Brad Richardson          0  0  0   0  0   2  1  2  0  0  9/18   13:17   0:00   5:22 
Casey Cizikas            0  0  0  -1  0   4  2  0  0  0  10/23  20:10   1:02   2:34 
Chris Tanev              0  0  0   0  0   2  0  2  0  0  0/0    18:30   0:57   3:18 
Dominik Kubalik          1  0  1   0  0   4  0  0  0  0  0/2    17:10   0:57   0:00 
Dylan Strome             1  0  1   1  0   2  1  0  0  0  10/17  11:27   0:57   0:00 
Jake McCabe              0  0  0  -1  2   1  1  0  0  0  0/0    21:38   1:02   3:21 
Joakim Nordstrom         0  0  0   0  0   1  3  0  0  0  0/0    13:17   0:00   5:22 
Michael Anderson         0  0  0   0  2   0  0  0  0  0  0/0    15:12   0:00   0:58 
Noah Juulsen             0  0  0   1  0   0  1  0  0  0  0/0    18:36   0:00   0:02 
Robby Fabbri             0  0  0  -1  0   7  2  0  0  0  0/0    16:24   0:57   0:00 
Ryan Dzingel             0  1  1   1  0   1  1  0  0  0  0/0    10:30   0:00   0:00 
Ryan Strome              0  0  0  -2  2   3  0  0  0  0  14/23  16:49   1:02   0:00 
Shayne Gostisbehere      0  0  0  -2  0   1  0  4  0  0  0/0    22:47   1:02   4:08 
Tobias Rieder            0  0  0   0  0   1  0  0  0  0  0/2    10:29   0:00   2:34 

3 Stars

1 - Jack Eichel (STL)
2 - Carter Hart (STL)
3 - Mikko Rantanen (STL)

Power Play

Blues - 0 on 4 Attempt(s) - 0,00%
Avalanche - 0 on 1 Attempt(s) - 0,00%

Penalty Kill

Blues - 1 on 1 Attempt(s) - 100,00% - Score 0 goal in Penalty Kill
Avalanche - 4 on 4 Attempt(s) - 100,00% - Score 0 goal in Penalty Kill

Team Stat

Blues - Hits : 30 - Faceoff Wins : 44 - Blocked Shots : 16 - Penalty Minutes : 2
Avalanche - Hits : 12 - Faceoff Wins : 43 - Blocked Shots : 9 - Penalty Minutes : 8

Official

Referees : Ghislain Hebert and Dave Lewis
Linesman : Tony Sericolo and Mark Shewchyk

Game Notes

No Game Note

Finance

Level 1 -- Attendance: 6370 (98,00%) -- Ticket Income 649 740 $
Level 2 -- Attendance: 4509 (90,18%) -- Ticket Income 338 175 $
Level 3 -- Attendance: 3211 (91,74%) -- Ticket Income 176 605 $
Level 4 -- Attendance: 2007 (100,00%) -- Ticket Income 90 315 $
Luxury Box -- Attendance: 1000 (100,00%) -- Ticket Income 200 000 $
Game was played at the Pepsi Center.
Total Attendance: 17097 (94,95%)
Total Ticket Income: 1 454 835 $
Other Income: 712 869 $
Total Income: 2 167 704 $

% Time on Ice - Blues

Lines # - Real PCT - Wanted PCT - Time Play
Normal Forward
1 - 36% - 40% - 17:57
2 - 29% - 30% - 14:43
3 - 23% - 20% - 11:37
4 - 12% - 10% - 5:48
Normal Defense
1 - 36% - 40% - 17:52
2 - 35% - 30% - 17:35
3 - 26% - 20% - 12:52
4 - 4% - 10% - 1:46
PP Forward
1 - 57% - 60% - 4:33
2 - 43% - 40% - 3:23
PP Defense
1 - 55% - 60% - 4:20
2 - 45% - 40% - 3:36
PK Forward
1 - 100% - 60% - 1:59
2 - 0% - 40% - 0:00
PK Defense
1 - 49% - 60% - 0:58
2 - 51% - 40% - 1:01
PK3 Forward
1 - 0% - 60%
2 - 0% - 40%
PK3 Defense
1 - 0% - 60%
2 - 0% - 40%
44 Forward
1 - 0% - 60%
2 - 0% - 40%
44 Defense
1 - 0% - 60%
2 - 0% - 40%
Last Minute Offensive  - 0:00
Last Minute Defensive  - 0:00
Total
Forward - 60:00
Defense - 60:00

% Time on Ice - Avalanche

Lines # - Real PCT - Wanted PCT - Time Play
Normal Forward
1 - 32% - 35% - 16:13
2 - 31% - 30% - 15:27
3 - 21% - 20% - 10:30
4 - 16% - 15% - 7:55
Normal Defense
1 - 37% - 40% - 18:34
2 - 28% - 30% - 14:07
3 - 28% - 20% - 14:15
4 - 6% - 10% - 3:09
PP Forward
1 - 48% - 50% - 0:57
2 - 52% - 50% - 1:02
PP Defense
1 - 52% - 50% - 1:02
2 - 48% - 50% - 0:57
PK Forward
1 - 68% - 60% - 5:22
2 - 32% - 40% - 2:34
PK Defense
1 - 63% - 60% - 5:00
2 - 37% - 40% - 2:56
PK3 Forward
1 - 0% - 51%
2 - 0% - 49%
PK3 Defense
1 - 0% - 51%
2 - 0% - 49%
44 Forward
1 - 0% - 60%
2 - 0% - 40%
44 Defense
1 - 0% - 60%
2 - 0% - 40%
Last Minute Offensive  - 0:00
Last Minute Defensive  - 0:00
Total
Forward - 60:00
Defense - 60:00

Play-by-Play

1st period


0:01 of 1st period - Anthony Mantha wins face-off versus Dominik Kubalik in neutral zone.
0:03 of 1st period - Off-side.
0:04 of 1st period - Ryan Strome wins face-off versus Sean Couturier in neutral zone.
0:13 of 1st period - Shot by Robby Fabbri.
0:13 of 1st period - Deflect By Ryan Strome.
0:13 of 1st period - Shot Blocked by P.K. Subban.
0:53 of 1st period - Ryan Pulock is hit by Casey Cizikas and loses puck.
1:17 of 1st period - Shot by Dominik Kubalik.
1:17 of 1st period - Goal by Dominik Kubalik - Blues : 0 - Avalanche : 1.
1:18 of 1st period - Dylan Strome wins face-off versus Jack Eichel in neutral zone.
1:18 of 1st period - Dylan Strome is hit by Jack Eichel.
1:21 of 1st period - Ryan Dzingel is hit by Dougie Hamilton and loses puck.
2:56 of 1st period - Michael Chaput is hit by Joakim Nordstrom and loses puck.
3:45 of 1st period - Casey Cizikas is hit by Jack Eichel and loses puck.
5:02 of 1st period - Dougie Hamilton is hit by Joakim Nordstrom and loses puck.
5:15 of 1st period - Shot by Ryan Dzingel.
5:15 of 1st period - Shot Blocked by Seth Jones.
5:17 of 1st period - Shot by Andrew Copp.
5:17 of 1st period - Shot Misses the Net.
5:19 of 1st period - Shot by Andrew Copp.
5:19 of 1st period - Shot Misses the Net.
5:21 of 1st period - Shot by Dylan Strome.
5:21 of 1st period - Stopped by Carter Hart without a rebound.
5:22 of 1st period - Michael Chaput wins face-off versus Ryan Strome in Blues zone.
5:30 of 1st period - Icing by Shayne Gostisbehere.
5:31 of 1st period - Jack Eichel wins face-off versus Andreas Athanasiou in Avalanche zone.
5:34 of 1st period - Shot by Jack Eichel.
5:34 of 1st period - Stopped by Frederik Andersen without a rebound.
5:35 of 1st period - Casey Cizikas wins face-off versus Jack Eichel in Avalanche zone.
5:35 of 1st period - Casey Cizikas is hit by Anthony Mantha.
5:57 of 1st period - Shot by Anthony Mantha.
5:57 of 1st period - Stopped by Frederik Andersen without a rebound.
5:58 of 1st period - Ryan Strome wins face-off versus Sean Couturier in Avalanche zone.
5:58 of 1st period - Ryan Strome is hit by Sean Couturier.
6:05 of 1st period - Off-side.
6:06 of 1st period - Ryan Strome wins face-off versus Miles Wood in neutral zone.
7:13 of 1st period - Shot by Mikko Rantanen.
7:13 of 1st period - Stopped by Frederik Andersen without a rebound.
7:14 of 1st period - Sean Couturier wins face-off versus Dylan Strome in Avalanche zone.
7:46 of 1st period - Shot by Dylan Strome.
7:46 of 1st period - Shot Misses the Net.
7:48 of 1st period - Shot by Ryan Dzingel.
7:48 of 1st period - Shot Misses the Net.
7:50 of 1st period - Shot by Chris Tanev.
7:50 of 1st period - Shot Blocked by P.K. Subban.
7:52 of 1st period - Shot by Chris Tanev.
7:52 of 1st period - Shot Misses the Net.
8:11 of 1st period - Off-side.
8:12 of 1st period - Jack Eichel wins face-off versus Ryan Strome in neutral zone.
8:38 of 1st period - Shot by Jack Eichel.
8:38 of 1st period - Stopped by Frederik Andersen without a rebound.
8:39 of 1st period - Casey Cizikas wins face-off versus Christian Dvorak in Avalanche zone.
8:39 of 1st period - Casey Cizikas is hit by Drake Batherson.
9:04 of 1st period - Christian Dvorak is hit by Noah Juulsen and loses puck.
9:38 of 1st period - Shot by Tobias Rieder.
9:38 of 1st period - Shot Misses the Net.
9:46 of 1st period - Shot by Dougie Hamilton.
9:46 of 1st period - Shot Blocked by Shayne Gostisbehere.
9:48 of 1st period - Shot by Mikko Rantanen.
9:48 of 1st period - Deflect By Anthony Mantha.
9:48 of 1st period - Shot Misses the Net.
10:19 of 1st period - Andreas Athanasiou is hit by Anthony Mantha and loses puck.
10:38 of 1st period - Shot by Josh Bailey.
10:38 of 1st period - Deflect By Johnny Gaudreau.
10:38 of 1st period - Shot Misses the Net.
10:54 of 1st period - Shot by Josh Bailey.
10:54 of 1st period - Deflect By Johnny Gaudreau.
10:54 of 1st period - Stopped by Frederik Andersen without a rebound.
10:55 of 1st period - Dylan Strome wins face-off versus Jordan Staal in Avalanche zone.
11:16 of 1st period - Icing by Colin Miller.
11:17 of 1st period - Casey Cizikas wins face-off versus Jordan Staal in Blues zone.
11:17 of 1st period - Casey Cizikas is hit by MacKenzie Weegar.
11:21 of 1st period - Shot by Dominik Kubalik.
11:21 of 1st period - Stopped by Carter Hart without a rebound.
11:22 of 1st period - Casey Cizikas wins face-off versus Jack Eichel in Blues zone.
11:55 of 1st period - Shot by Mikko Rantanen.
11:55 of 1st period - Stopped by Frederik Andersen without a rebound.
11:56 of 1st period - Dylan Strome wins face-off versus Johnny Gaudreau in Avalanche zone.
12:20 of 1st period - Adam Fox is hit by Sean Couturier and loses puck.
13:22 of 1st period - Shot by Mikko Rantanen.
13:22 of 1st period - Shot Misses the Net.
13:25 of 1st period - Minor Penalty to Michael Anderson for Holding.
13:26 of 1st period - Brad Richardson wins face-off versus Jack Eichel in Avalanche zone.
14:10 of 1st period - Shot by Tobias Rieder.
14:10 of 1st period - Shot Misses the Net.
14:35 of 1st period - Off-side.
14:36 of 1st period - Sean Couturier wins face-off versus Brad Richardson in neutral zone.
15:00 of 1st period - Shot by P.K. Subban.
15:00 of 1st period - Shot Misses the Net.
16:05 of 1st period - Andreas Athanasiou is hit by Jordan Staal and loses puck.
16:20 of 1st period - Drake Batherson is hit by Robby Fabbri and loses puck.
17:17 of 1st period - Shot by Jack Eichel.
17:17 of 1st period - Stopped by Frederik Andersen without a rebound.
17:18 of 1st period - Sean Couturier wins face-off versus Dylan Strome in Avalanche zone.
17:41 of 1st period - Shot by Ryan Dzingel.
17:41 of 1st period - Shot Misses the Net.
17:43 of 1st period - Shot by Dylan Strome.
17:43 of 1st period - Goal by Dylan Strome - Blues : 0 - Avalanche : 2.
17:44 of 1st period - Brad Richardson wins face-off versus Christian Dvorak in neutral zone.
17:48 of 1st period - Joakim Nordstrom is hit by Dougie Hamilton and loses puck.
18:01 of 1st period - Shot by Tobias Rieder.
18:01 of 1st period - Shot Hit the Post.
18:03 of 1st period - Shot by Brad Richardson.
18:03 of 1st period - Shot Misses the Net.
18:05 of 1st period - Shot by Tobias Rieder.
18:05 of 1st period - Shot Blocked by Dougie Hamilton.
18:10 of 1st period - Shot by Chris Tanev.
18:10 of 1st period - Stopped by Carter Hart without a rebound.
18:11 of 1st period - Casey Cizikas wins face-off versus Jack Eichel in Blues zone.
18:38 of 1st period - Shot by Jack Eichel.
18:38 of 1st period - Shot Blocked by Andrew Mangiapane.
18:40 of 1st period - Shot by Ryan Pulock.
18:40 of 1st period - Stopped by Frederik Andersen with a rebound.
18:42 of 1st period - Shot by P.K. Subban.
18:42 of 1st period - Shot Misses the Net.
18:44 of 1st period - Shot by Ryan Pulock.
18:44 of 1st period - Goal by Ryan Pulock - Blues : 1 - Avalanche : 2.
18:45 of 1st period - Ryan Strome wins face-off versus Sean Couturier in neutral zone.
19:13 of 1st period - Shot by Johnny Gaudreau.
19:13 of 1st period - Stopped by Frederik Andersen without a rebound.
19:14 of 1st period - Brad Richardson wins face-off versus Jordan Staal in Avalanche zone.
19:14 of 1st period - Tobias Rieder is hit by Martin Necas and loses puck.
19:44 of 1st period - Shot by Joakim Nordstrom.
19:44 of 1st period - Shot Misses the Net.
Goals for this period are 1 for Blues vs 2 for Avalanche.
Shots for this period are 10 for Blues vs 5 for Avalanche.

2nd period


0:01 of 2nd period - Casey Cizikas wins face-off versus Jack Eichel in neutral zone.
0:04 of 2nd period - Shot by Dominik Kubalik.
0:04 of 2nd period - Shot Misses the Net.
0:12 of 2nd period - Shot by Anthony Mantha.
0:12 of 2nd period - Stopped by Frederik Andersen without a rebound.
0:13 of 2nd period - Ryan Strome wins face-off versus Sean Couturier in Avalanche zone.
1:09 of 2nd period - Icing by Adam Fox.
1:10 of 2nd period - Anthony Mantha wins face-off versus Casey Cizikas in Avalanche zone.
1:23 of 2nd period - Shot by Dominik Kubalik.
1:23 of 2nd period - Stopped by Carter Hart without a rebound.
1:24 of 2nd period - Jordan Staal wins face-off versus Dylan Strome in Blues zone.
1:31 of 2nd period - Shot by Martin Necas.
1:31 of 2nd period - Shot Hit the Post.
2:20 of 2nd period - Seth Jones is hit by Ryan Dzingel and loses puck.
3:16 of 2nd period - Off-side.
3:17 of 2nd period - Sean Couturier wins face-off versus Ryan Strome in neutral zone.
3:19 of 2nd period - Off-side.
3:20 of 2nd period - Ryan Strome wins face-off versus Sean Couturier in neutral zone.
3:23 of 2nd period - Shot by Robby Fabbri.
3:23 of 2nd period - Shot Blocked by P.K. Subban.
3:25 of 2nd period - Shot by Andreas Athanasiou.
3:25 of 2nd period - Deflect By Robby Fabbri.
3:25 of 2nd period - Stopped by Carter Hart with a rebound.
3:27 of 2nd period - Shot by Shayne Gostisbehere.
3:27 of 2nd period - Stopped by Carter Hart without a rebound.
3:28 of 2nd period - Sean Couturier wins face-off versus Tobias Rieder in Blues zone.
3:53 of 2nd period - Ryan Pulock is hit by Joakim Nordstrom and loses puck.
4:31 of 2nd period - Shot by Robby Fabbri.
4:31 of 2nd period - Shot Blocked by Johnny Gaudreau.
4:33 of 2nd period - Shot by Andreas Athanasiou.
4:33 of 2nd period - Stopped by Carter Hart without a rebound.
4:34 of 2nd period - Jack Eichel wins face-off versus Casey Cizikas in Blues zone.
4:44 of 2nd period - Shot by Dominik Kubalik.
4:44 of 2nd period - Shot Misses the Net.
4:52 of 2nd period - Shot by Casey Cizikas.
4:52 of 2nd period - Shot Blocked by Seth Jones.
5:00 of 2nd period - Shot by Andrew Mangiapane.
5:00 of 2nd period - Shot Misses the Net.
5:02 of 2nd period - Shot by Chris Tanev.
5:02 of 2nd period - Stopped by Carter Hart without a rebound.
5:03 of 2nd period - Jordan Staal wins face-off versus Ryan Strome in Blues zone.
5:16 of 2nd period - Minor Penalty to Andreas Athanasiou for Hooking.
5:17 of 2nd period - Brad Richardson wins face-off versus Jack Eichel in Avalanche zone.
5:28 of 2nd period - Shot by Dougie Hamilton.
5:28 of 2nd period - Shot Misses the Net.
5:35 of 2nd period - Icing by Dougie Hamilton.
5:36 of 2nd period - Jack Eichel wins face-off versus Brad Richardson in Blues zone.
5:49 of 2nd period - Shot by Mikko Rantanen.
5:49 of 2nd period - Shot Blocked by Brad Richardson.
5:59 of 2nd period - Tobias Rieder is hit by Mikko Rantanen and loses puck.
6:34 of 2nd period - Shot by P.K. Subban.
6:34 of 2nd period - Shot Blocked by Shayne Gostisbehere.
6:46 of 2nd period - Shot by Josh Bailey.
6:46 of 2nd period - Stopped by Frederik Andersen with a rebound.
6:48 of 2nd period - Shot by P.K. Subban.
6:48 of 2nd period - Stopped by Frederik Andersen without a rebound.
6:49 of 2nd period - Jack Eichel wins face-off versus Casey Cizikas in Avalanche zone.
6:50 of 2nd period - Shot by Dougie Hamilton.
6:50 of 2nd period - Stopped by Frederik Andersen with a rebound.
6:52 of 2nd period - Shot by Dougie Hamilton.
6:52 of 2nd period - Stopped by Frederik Andersen without a rebound.
6:53 of 2nd period - Jack Eichel wins face-off versus Casey Cizikas in Avalanche zone.
7:08 of 2nd period - Shot by Seth Jones.
7:08 of 2nd period - Stopped by Frederik Andersen without a rebound.
7:09 of 2nd period - Sean Couturier wins face-off versus Brad Richardson in Avalanche zone.
8:18 of 2nd period - Shot by Sean Couturier.
8:18 of 2nd period - Shot Misses the Net.
8:24 of 2nd period - Shot by Sean Couturier.
8:24 of 2nd period - Shot Misses the Net.
8:26 of 2nd period - Shot by Josh Bailey.
8:26 of 2nd period - Shot Misses the Net.
8:30 of 2nd period - Shot by Johnny Gaudreau.
8:30 of 2nd period - Stopped by Frederik Andersen with a rebound.
10:01 of 2nd period - Ryan Dzingel is hit by Colin Miller and loses puck.
10:11 of 2nd period - Dylan Strome is hit by Colin Miller and loses puck.
11:08 of 2nd period - Shot by Brad Richardson.
11:08 of 2nd period - Shot Misses the Net.
11:15 of 2nd period - Icing by Seth Jones.
11:16 of 2nd period - Jordan Staal wins face-off versus Dominik Kubalik in Blues zone.
11:32 of 2nd period - Icing by Chris Tanev.
11:33 of 2nd period - Jack Eichel wins face-off versus Casey Cizikas in Avalanche zone.
12:46 of 2nd period - Shot by Johnny Gaudreau.
12:46 of 2nd period - Stopped by Frederik Andersen without a rebound.
12:47 of 2nd period - Ryan Strome wins face-off versus Jordan Staal in Avalanche zone.
13:15 of 2nd period - Shot by Jordan Staal.
13:15 of 2nd period - Shot Misses the Net.
13:24 of 2nd period - Minor Penalty to Jake McCabe for Slashing.
13:25 of 2nd period - Sean Couturier wins face-off versus Brad Richardson in Avalanche zone.
14:29 of 2nd period - Shot by Jack Eichel.
14:29 of 2nd period - Deflect By Mikko Rantanen.
14:29 of 2nd period - Shot Blocked by Chris Tanev.
14:31 of 2nd period - Shot by P.K. Subban.
14:31 of 2nd period - Shot Misses the Net.
14:33 of 2nd period - Shot by Ryan Pulock.
14:33 of 2nd period - Stopped by Frederik Andersen without a rebound.
14:34 of 2nd period - Jack Eichel wins face-off versus Brad Richardson in Avalanche zone.
14:35 of 2nd period - Shot by Mikko Rantanen.
14:35 of 2nd period - Stopped by Frederik Andersen without a rebound.
14:36 of 2nd period - Jack Eichel wins face-off versus Brad Richardson in Avalanche zone.
15:03 of 2nd period - Shot by Anthony Mantha.
15:03 of 2nd period - Shot Misses the Net.
15:05 of 2nd period - Shot by Mikko Rantanen.
15:05 of 2nd period - Shot Hit the Post.
15:07 of 2nd period - Shot by Ryan Pulock.
15:07 of 2nd period - Stopped by Frederik Andersen with a rebound.
15:13 of 2nd period - Shot by Mikko Rantanen.
15:13 of 2nd period - Shot Misses the Net.
15:28 of 2nd period - Icing by Jordan Staal.
15:29 of 2nd period - Ryan Strome wins face-off versus Jordan Staal in Blues zone.
15:34 of 2nd period - Shot by Andreas Athanasiou.
15:34 of 2nd period - Stopped by Carter Hart without a rebound.
15:35 of 2nd period - Ryan Strome wins face-off versus Sean Couturier in Blues zone.
15:40 of 2nd period - Shot by Robby Fabbri.
15:40 of 2nd period - Shot Blocked by Johnny Gaudreau.
15:44 of 2nd period - Shot by Robby Fabbri.
15:44 of 2nd period - Stopped by Carter Hart without a rebound.
15:45 of 2nd period - Christian Dvorak wins face-off versus Dylan Strome in Blues zone.
15:47 of 2nd period - Icing by Seth Jones.
15:48 of 2nd period - Christian Dvorak wins face-off versus Casey Cizikas in Blues zone.
15:50 of 2nd period - Seth Jones is hit by Casey Cizikas and loses puck.
15:58 of 2nd period - Andrew Mangiapane is hit by Dougie Hamilton and loses puck.
16:05 of 2nd period - Shot by Andrew Mangiapane.
16:05 of 2nd period - Shot Blocked by Dougie Hamilton.
16:07 of 2nd period - Shot by Casey Cizikas.
16:07 of 2nd period - Stopped by Carter Hart without a rebound.
16:08 of 2nd period - Brad Richardson wins face-off versus Jack Eichel in Blues zone.
16:24 of 2nd period - Shot by Tobias Rieder.
16:24 of 2nd period - Shot Blocked by P.K. Subban.
16:42 of 2nd period - Shot by Jack Eichel.
16:42 of 2nd period - Stopped by Frederik Andersen without a rebound.
16:43 of 2nd period - Sean Couturier wins face-off versus Andrew Mangiapane in Avalanche zone.
16:48 of 2nd period - Shot by Johnny Gaudreau.
16:48 of 2nd period - Stopped by Frederik Andersen without a rebound.
16:49 of 2nd period - Sean Couturier wins face-off versus Casey Cizikas in Avalanche zone.
17:23 of 2nd period - Dominik Kubalik is hit by Sean Couturier and loses puck.
17:32 of 2nd period - Shot by Sean Couturier.
17:32 of 2nd period - Deflect By Josh Bailey.
17:32 of 2nd period - Stopped by Frederik Andersen without a rebound.
17:33 of 2nd period - Jack Eichel wins face-off versus Ryan Strome in Avalanche zone.
17:42 of 2nd period - Shot by Mikko Rantanen.
17:42 of 2nd period - Goal by Mikko Rantanen - Blues : 2 - Avalanche : 2.
17:43 of 2nd period - Dylan Strome wins face-off versus Jack Eichel in neutral zone.
17:46 of 2nd period - Ryan Pulock is hit by Dylan Strome and loses puck.
17:56 of 2nd period - Icing by P.K. Subban.
17:57 of 2nd period - Jack Eichel wins face-off versus Ryan Strome in Blues zone.
18:08 of 2nd period - Shot by Jack Eichel.
18:08 of 2nd period - Shot Misses the Net.
19:25 of 2nd period - Shot by Andrew Mangiapane.
19:25 of 2nd period - Stopped by Carter Hart without a rebound.
19:26 of 2nd period - Dylan Strome wins face-off versus Josh Bailey in Blues zone.
19:29 of 2nd period - Shot by Dylan Strome.
19:29 of 2nd period - Shot Misses the Net.
19:41 of 2nd period - Shot by Andrew Copp.
19:41 of 2nd period - Stopped by Carter Hart without a rebound.
19:42 of 2nd period - Jordan Staal wins face-off versus Brad Richardson in Blues zone.
19:42 of 2nd period - Jordan Staal is hit by Brad Richardson.
19:51 of 2nd period - Colin Miller is hit by Jake McCabe.
Goals for this period are 1 for Blues vs 0 for Avalanche.
Shots for this period are 15 for Blues vs 10 for Avalanche.

3rd period


0:01 of 3rd period - Jack Eichel wins face-off versus Casey Cizikas in neutral zone.
0:16 of 3rd period - Shot by Andrew Mangiapane.
0:16 of 3rd period - Stopped by Carter Hart with a rebound.
1:08 of 3rd period - Shot by Ryan Dzingel.
1:08 of 3rd period - Shot Misses the Net.
1:10 of 3rd period - Shot by Andrew Copp.
1:10 of 3rd period - Shot Misses the Net.
1:12 of 3rd period - Shot by Jake McCabe.
1:12 of 3rd period - Stopped by Carter Hart without a rebound.
1:13 of 3rd period - Sean Couturier wins face-off versus Ryan Strome in Blues zone.
1:29 of 3rd period - Icing by P.K. Subban.
1:30 of 3rd period - Dylan Strome wins face-off versus Johnny Gaudreau in Blues zone.
1:43 of 3rd period - Shot by Josh Bailey.
1:43 of 3rd period - Shot Misses the Net.
2:49 of 3rd period - Shot by Ryan Strome.
2:49 of 3rd period - Shot Misses the Net.
2:51 of 3rd period - Shot by Adam Fox.
2:51 of 3rd period - Shot Blocked by Miles Wood.
2:53 of 3rd period - Shot by Ryan Strome.
2:53 of 3rd period - Shot Misses the Net.
2:55 of 3rd period - Shot by Adam Fox.
2:55 of 3rd period - Shot Blocked by Jordan Staal.
3:15 of 3rd period - Icing by Jordan Staal.
3:16 of 3rd period - Brad Richardson wins face-off versus Jordan Staal in Blues zone.
3:32 of 3rd period - Tobias Rieder is hit by Colin Miller and loses puck.
4:51 of 3rd period - Shot by Shayne Gostisbehere.
4:51 of 3rd period - Shot Misses the Net.
4:53 of 3rd period - Shot by Casey Cizikas.
4:53 of 3rd period - Deflect By Dominik Kubalik.
4:53 of 3rd period - Shot Misses the Net.
4:57 of 3rd period - Shot by Dominik Kubalik.
4:57 of 3rd period - Shot Misses the Net.
5:13 of 3rd period - Adam Fox is hit by Sean Couturier and loses puck.
6:05 of 3rd period - Shot by Andrew Copp.
6:05 of 3rd period - Stopped by Carter Hart without a rebound.
6:06 of 3rd period - Dylan Strome wins face-off versus Christian Dvorak in Blues zone.
6:11 of 3rd period - Shot by Ryan Dzingel.
6:11 of 3rd period - Stopped by Carter Hart without a rebound.
6:12 of 3rd period - Jack Eichel wins face-off versus Dylan Strome in Blues zone.
6:24 of 3rd period - Shot by Jack Eichel.
6:24 of 3rd period - Deflect By Mikko Rantanen.
6:24 of 3rd period - Shot Misses the Net.
6:26 of 3rd period - Shot by Dougie Hamilton.
6:26 of 3rd period - Shot Blocked by Chris Tanev.
6:34 of 3rd period - Shot by Mikko Rantanen.
6:34 of 3rd period - Shot Misses the Net.
7:07 of 3rd period - Shot by Christian Dvorak.
7:07 of 3rd period - Stopped by Frederik Andersen without a rebound.
7:08 of 3rd period - Jordan Staal wins face-off versus Casey Cizikas in Avalanche zone.
8:01 of 3rd period - Shot by Drake Batherson.
8:01 of 3rd period - Shot Misses the Net.
8:03 of 3rd period - Shot by Michael Chaput.
8:03 of 3rd period - Stopped by Frederik Andersen with a rebound.
8:05 of 3rd period - Shot by Michael Chaput.
8:05 of 3rd period - Shot Misses the Net.
8:07 of 3rd period - Shot by Michael Chaput.
8:07 of 3rd period - Shot Misses the Net.
8:09 of 3rd period - Shot by P.K. Subban.
8:09 of 3rd period - Stopped by Frederik Andersen without a rebound.
8:10 of 3rd period - Ryan Strome wins face-off versus Mikko Rantanen in Avalanche zone.
8:10 of 3rd period - Andreas Athanasiou is hit by Mikko Rantanen and loses puck.
8:40 of 3rd period - Shot by Ryan Strome.
8:40 of 3rd period - Stopped by Carter Hart without a rebound.
8:41 of 3rd period - Brad Richardson wins face-off versus Sean Couturier in Blues zone.
8:41 of 3rd period - Brad Richardson is hit by P.K. Subban.
8:58 of 3rd period - Shot by Brad Richardson.
8:58 of 3rd period - Stopped by Carter Hart with a rebound.
9:00 of 3rd period - Shot by Tobias Rieder.
9:00 of 3rd period - Shot Blocked by Ryan Pulock.
9:02 of 3rd period - Shot by Tobias Rieder.
9:02 of 3rd period - Stopped by Carter Hart without a rebound.
9:03 of 3rd period - Dylan Strome wins face-off versus Christian Dvorak in Blues zone.
9:22 of 3rd period - Shot by Michael Chaput.
9:22 of 3rd period - Shot Misses the Net.
9:24 of 3rd period - Shot by Michael Chaput.
9:24 of 3rd period - Deflect By Christian Dvorak.
9:24 of 3rd period - Shot Misses the Net.
10:10 of 3rd period - Casey Cizikas is hit by Jack Eichel and loses puck.
10:15 of 3rd period - Shot by Anthony Mantha.
10:15 of 3rd period - Shot Misses the Net.
10:17 of 3rd period - Shot by Ryan Pulock.
10:17 of 3rd period - Stopped by Frederik Andersen with a rebound.
10:51 of 3rd period - Shot by Andreas Athanasiou.
10:51 of 3rd period - Deflect By Ryan Strome.
10:51 of 3rd period - Stopped by Carter Hart without a rebound.
10:52 of 3rd period - Ryan Strome wins face-off versus Jordan Staal in Blues zone.
10:52 of 3rd period - Ryan Strome is hit by Dougie Hamilton.
11:03 of 3rd period - Shot by Ryan Strome.
11:03 of 3rd period - Stopped by Carter Hart with a rebound.
11:05 of 3rd period - Shot by Robby Fabbri.
11:05 of 3rd period - Shot Misses the Net.
11:09 of 3rd period - Shot by Robby Fabbri.
11:09 of 3rd period - Stopped by Carter Hart without a rebound.
11:10 of 3rd period - Sean Couturier wins face-off versus Brad Richardson in Blues zone.
11:38 of 3rd period - Shot by Sean Couturier.
11:38 of 3rd period - Shot Blocked by Brad Richardson.
11:40 of 3rd period - Shot by Josh Bailey.
11:40 of 3rd period - Stopped by Frederik Andersen without a rebound.
11:41 of 3rd period - Casey Cizikas wins face-off versus Jack Eichel in Avalanche zone.
11:48 of 3rd period - Shot by Adam Fox.
11:48 of 3rd period - Stopped by Carter Hart with a rebound.
11:50 of 3rd period - Shot by Casey Cizikas.
11:50 of 3rd period - Deflect By Andrew Mangiapane.
11:50 of 3rd period - Stopped by Carter Hart with a rebound.
11:52 of 3rd period - Shot by Casey Cizikas.
11:52 of 3rd period - Stopped by Carter Hart without a rebound.
11:53 of 3rd period - Ryan Strome wins face-off versus Jordan Staal in Blues zone.
12:00 of 3rd period - Shot by Andreas Athanasiou.
12:00 of 3rd period - Shot Misses the Net.
12:15 of 3rd period - Shot by Robby Fabbri.
12:15 of 3rd period - Stopped by Carter Hart with a rebound.
12:50 of 3rd period - Adam Fox is hit by Seth Jones and loses puck.
13:06 of 3rd period - Andrew Mangiapane is hit by Dougie Hamilton.
13:23 of 3rd period - Icing by Seth Jones.
13:24 of 3rd period - Jack Eichel wins face-off versus Brad Richardson in Blues zone.
13:46 of 3rd period - Shot by Brad Richardson.
13:46 of 3rd period - Shot Misses the Net.
13:48 of 3rd period - Shot by Joakim Nordstrom.
13:48 of 3rd period - Stopped by Carter Hart without a rebound.
13:49 of 3rd period - Sean Couturier wins face-off versus Ryan Strome in Blues zone.
13:49 of 3rd period - Sean Couturier is hit by Robby Fabbri.
14:09 of 3rd period - Jake McCabe is hit by Josh Bailey and loses puck.
14:11 of 3rd period - Minor Penalty to Sean Couturier for Tripping.
14:12 of 3rd period - Dylan Strome wins face-off versus Jack Eichel in Blues zone.
14:15 of 3rd period - Shot by Robby Fabbri.
14:15 of 3rd period - Stopped by Carter Hart with a rebound.
14:17 of 3rd period - Shot by Dominik Kubalik.
14:17 of 3rd period - Shot Blocked by Martin Necas.
14:19 of 3rd period - Shot by Robby Fabbri.
14:19 of 3rd period - Stopped by Carter Hart with a rebound.
14:33 of 3rd period - Shot by Dylan Strome.
14:33 of 3rd period - Deflect By Robby Fabbri.
14:33 of 3rd period - Shot Blocked by Ryan Pulock.
14:35 of 3rd period - Shot by Chris Tanev.
14:35 of 3rd period - Shot Misses the Net.
14:37 of 3rd period - Shot by Adam Fox.
14:37 of 3rd period - Shot Blocked by P.K. Subban.
14:45 of 3rd period - Shot by Dylan Strome.
14:45 of 3rd period - Deflect By Dominik Kubalik.
14:45 of 3rd period - Shot Misses the Net.
14:47 of 3rd period - Shot by Adam Fox.
14:47 of 3rd period - Shot Misses the Net.
15:17 of 3rd period - Icing by Shayne Gostisbehere.
15:18 of 3rd period - Christian Dvorak wins face-off versus Casey Cizikas in Avalanche zone.
15:33 of 3rd period - Shot by Andreas Athanasiou.
15:33 of 3rd period - Deflect By Casey Cizikas.
15:33 of 3rd period - Stopped by Carter Hart without a rebound.
15:34 of 3rd period - Jack Eichel wins face-off versus Dylan Strome in Blues zone.
15:49 of 3rd period - Shot by Adam Fox.
15:49 of 3rd period - Stopped by Carter Hart without a rebound.
15:50 of 3rd period - Jack Eichel wins face-off versus Casey Cizikas in Blues zone.
15:58 of 3rd period - Ryan Strome is hit by Seth Jones and loses puck.
16:09 of 3rd period - Shot by Andreas Athanasiou.
16:09 of 3rd period - Stopped by Carter Hart without a rebound.
16:10 of 3rd period - Dylan Strome wins face-off versus Martin Necas in Blues zone.
16:17 of 3rd period - Shot by Brad Richardson.
16:17 of 3rd period - Stopped by Carter Hart without a rebound.
16:18 of 3rd period - Sean Couturier wins face-off versus Dylan Strome in Blues zone.
16:28 of 3rd period - Shot by Johnny Gaudreau.
16:28 of 3rd period - Stopped by Frederik Andersen without a rebound.
16:29 of 3rd period - Casey Cizikas wins face-off versus Christian Dvorak in Avalanche zone.
16:29 of 3rd period - Casey Cizikas is hit by Christian Dvorak.
16:43 of 3rd period - Shot by Dominik Kubalik.
16:43 of 3rd period - Shot Misses the Net.
16:45 of 3rd period - Shot by Andrew Mangiapane.
16:45 of 3rd period - Deflect By Dominik Kubalik.
16:45 of 3rd period - Stopped by Carter Hart without a rebound.
16:46 of 3rd period - Ryan Strome wins face-off versus Sean Couturier in Blues zone.
16:49 of 3rd period - Shot by Robby Fabbri.
16:49 of 3rd period - Stopped by Carter Hart with a rebound.
17:07 of 3rd period - Shot by Andreas Athanasiou.
17:07 of 3rd period - Stopped by Carter Hart without a rebound.
17:08 of 3rd period - Casey Cizikas wins face-off versus Anthony Mantha in Blues zone.
17:23 of 3rd period - Shot by Casey Cizikas.
17:23 of 3rd period - Stopped by Carter Hart without a rebound.
17:24 of 3rd period - Sean Couturier wins face-off versus Ryan Strome in Blues zone.
17:26 of 3rd period - Minor Penalty to Ryan Strome for Slashing.
17:27 of 3rd period - Brad Richardson wins face-off versus Jack Eichel in Avalanche zone.
17:27 of 3rd period - Brad Richardson is hit by Anthony Mantha.
17:49 of 3rd period - Shot by Dougie Hamilton.
17:49 of 3rd period - Stopped by Frederik Andersen without a rebound.
17:50 of 3rd period - Brad Richardson wins face-off versus Sean Couturier in Avalanche zone.
17:50 of 3rd period - Brad Richardson is hit by Sean Couturier.
18:53 of 3rd period - Shot by Dougie Hamilton.
18:53 of 3rd period - Shot Misses the Net.
18:55 of 3rd period - Shot by Jack Eichel.
18:55 of 3rd period - Shot Misses the Net.
18:57 of 3rd period - Shot by Seth Jones.
18:57 of 3rd period - Shot Misses the Net.
18:59 of 3rd period - Shot by Seth Jones.
18:59 of 3rd period - Deflect By Jack Eichel.
18:59 of 3rd period - Shot Misses the Net.
19:01 of 3rd period - Shot by Jack Eichel.
19:01 of 3rd period - Shot Blocked by Shayne Gostisbehere.
19:03 of 3rd period - Shot by Seth Jones.
19:03 of 3rd period - Stopped by Frederik Andersen without a rebound.
19:04 of 3rd period - Jack Eichel wins face-off versus Tobias Rieder in Avalanche zone.
19:19 of 3rd period - Shot by Dougie Hamilton.
19:19 of 3rd period - Stopped by Frederik Andersen without a rebound.
19:20 of 3rd period - Sean Couturier wins face-off versus Casey Cizikas in Avalanche zone.
19:32 of 3rd period - Off-side.
19:33 of 3rd period - Ryan Strome wins face-off versus Jordan Staal in neutral zone.
19:35 of 3rd period - Off-side.
19:36 of 3rd period - Casey Cizikas wins face-off versus Jack Eichel in neutral zone.
Goals for this period are 0 for Blues vs 0 for Avalanche.
Shots for this period are 9 for Blues vs 25 for Avalanche.

Overtime #1


0:01 of 1st overtime period - Sean Couturier wins face-off versus Casey Cizikas in neutral zone.
0:16 of 1st overtime period - Shot by Jack Eichel.
0:16 of 1st overtime period - Shot Misses the Net.
0:18 of 1st overtime period - Shot by Sean Couturier.
0:18 of 1st overtime period - Shot Blocked by Shayne Gostisbehere.
0:20 of 1st overtime period - Shot by Sean Couturier.
0:20 of 1st overtime period - Goal by Sean Couturier - Blues : 3 - Avalanche : 2.
Goals for this period are 1 for Blues vs 0 for Avalanche.
Shots for this period are 1 for Blues vs 0 for Avalanche.